 Dungeon Crawl Stone Soup version 0.31-a0-1278-g11c5b68f87 (webtiles) character file.

Game seed: 4711112137339896456

2623 bmb222 the Covered (level 9, -2/64 HPs)
             Began as an Armataur Shapeshifter on Dec 18, 2023.
             Slain by an orc warrior
             ... wielding a +0 war axe
              (27 damage)
             ... in a bailey.
             The game lasted 00:07:55 (6526 turns).

bmb222 the Covered (Armataur Shapeshifter)          Turns: 6526, Time: 00:07:55

Health: -2/64      AC:  8    Str: 23    XL:     9   Next: 34%
Magic:  9/9        EV: 13    Int: 11    God:
Gold:   463        SH:  0    Dex: 10    Spells: 8/8 levels left

rFire   . .          .
                       - Unarmed
rCold   . . .        (no shield)
rNeg    . . .        n - +0 scale mail
rPois   .            (helmet currently unavailable)
rElec   .            (cloak currently unavailable)
rCorr   +            (gloves currently unavailable)
SInv    .            (no barding)
Will    .....        (no amulet) Stlth
                     u - +5 ring of evasion
HPRegen 2.90/turn    i - ring of resist corrosion
MPRegen 1.43/turn

%: roll
@: beast-form
A: beast (slay +3), large, deformed body, tough skin 3, armoured tail, roll 2,
long tongue
a: Begin Untransformation


You were in a bailey.
You were a hulking beast.
You visited 1 branch of the dungeon, and saw 7 of its levels.
You also visited: Bailey.

You collected 463 gold pieces.

Inventory:

Armour
 a - a +0 animal skin
 k - a +0 helmet
 n - a +0 scale mail (worn)
Jewellery
 i - a ring of resist corrosion (right hand)
 u - a +5 ring of evasion (left hand)
 y - an amulet of faith
Talismans
 c - a beast talisman
 d - a flux talisman
Wands
 s - a wand of polymorph (3)
 v - a wand of quicksilver (18)
 A - a wand of flame (23)
Scrolls
 e - 5 scrolls of teleportation
 g - a scroll of blinking
 l - a scroll of enchant weapon
 o - 3 scrolls of fear
 q - 2 scrolls of silence
 r - a scroll of vulnerability
 w - a scroll of revelation
 B - a scroll of amnesia
 C - a scroll of poison
Potions
 b - a potion of lignification
 f - a potion of magic {unknown}
 h - 3 potions of haste
 j - a potion of ambrosia {unknown}
 m - 4 potions of heal wounds {unknown}
 p - a potion of brilliance {unknown}
 t - a potion of resistance
 x - a potion of invisibility {unknown}
 z - 2 potions of might {unknown}


   Skills:
 * Level 3.2 Fighting
 * Level 7.9 Armour
 - Level 1.9 Dodging
 - Level 2.2 Stealth
 + Level 7.5 Unarmed Combat
 + Level 0.2 Evocations
 * Level 5.7 Shapeshifting


You had 8 spell levels left.
You didn't know any spells.
Your spell library contained the following spells:

 Spells                   Type           Power      Damage    Failure   Level
 Ensorcelled Hibernation  Hex/Ice        0%         N/A       75%         2
 Passwall                 Tmut/Erth      0%         N/A       75%         2
 Inner Flame              Hex/Fire       0%         N/A       93%         3
 Swiftness                Air            0%         N/A       93%         3
 Anguish                  Hex/Necr       0%         N/A       100%        4
 Cause Fear               Hex            0%         N/A       100%        4
 Yara's Violent Unravell  Hex/Tmut       0%         3d3       100%        5
 Enfeeble                 Hex            0%         N/A       100%        7


Dungeon Overview and Level Annotations

Branches:
Dungeon (7/15)             Temple (0/1) D:7          Bailey (1/1)

Altars:
Elyvilon
Ru
Trog

Annotations:
D:5 1 runed translucent door, Cadnt's ghost, novice DsFi
D:7 2 transporters, Moreman's ghost, novice TrSh


Innate Abilities, Weirdness & Mutations

You are a hulking beast.
Your limbs bulge with bestial killing power. (Slay +3)
Armour fits poorly on your strangely shaped body.
You have extremely tough skin. (AC +3)
You have a long armoured tail.
You regenerate magic and health when rolling toward enemies. (Rampage Regen)
Your long tongue fully drains potion bottles. (2x potion effects)


Message History

h - 3 potions of haste (gained 1)
m - 4 sapphire potions (gained 1)
You open the gate.
An orc warrior and 3 orcs come into view.
The orc shouts! x2; The orc warrior shouts!
The orc shouts!
You hear a shout!
An orc knight comes into view. It is wielding a +0 glaive.
An orc comes into view. It is wielding a +0 trident.
An orc warrior comes into view. It is wielding a +0 halberd.
The orc moves out of view.
An orc warrior comes into view. It is wielding a +0 spear.
The orc warrior moves out of view.
There is an open gate here.
Things that are here:
a +0 halberd; an orc corpse
There is an open door, spattered with blood here.
Things that are here:
a +0 spear; a +0 chain mail; an orc corpse
Things that are here:
a +0 bardiche; a +0 ring mail; an orc corpse
There is an open door here.
Things that are here:
a +0 trident; a +0 ring mail; an orc corpse
Aiming: Quicksilver Bolt
Press: ? - help, Shift-Dir - straight line, f - orc warrior
Aim: an orc warrior, wielding a +0 war axe (60% to hit)
The bolt of dispelling energy hits the orc warrior!
The orc warrior is severely wounded.
You roll towards the orc warrior!
Things that are here:
a +0 bardiche; a +0 ring mail; an orc corpse You roll towards the orc warrior!
The orc warrior closely misses you.
The orc knight roars a battlecry!
The orcs go into a battle-frenzy!
You barely miss the orc warrior. You tail-slap the orc warrior!
The orc warrior is almost dead.
The orc warrior barely misses you. The orc warrior misses you.
The orc knight hits you from afar with a +0 glaive!!
The orc warrior hits you from afar with a +0 halberd!!
The orc warrior hits you with a +0 war axe!!
You die...

####### ############
#######.....## ##.)))....∩.##
.....#.......######...))#......#
.....'..o##..#..).#..))###.....#
.....'...o8.ooo.o)).....8.....∩#
....o'...##..#..h.#....###.....#
.....#....)..######.....#......#
#######.....## ##........∩.##
####### ############


You could see an orc knight, 2 orc warriors and 2 orcs.

Vanquished Creatures
  3 ice beasts
  2 black bears
  2 sky beasts (D:7)
  3 orc warriors
  2 ogres (D:5)
  2 centaurs
  A kobold brigand (D:4)
  A bullfrog (D:5)
  3 scorpions
  A howler monkey (D:7)
  3 jellies
  3 orc priests
  2 gnoll boudas
  2 sleepcaps
  Jessica (D:2)
  Ijyb (D:3)
  An iguana (D:6)
  Natasha (thrice) (D:2)
  8 orc wizards
  Robin (D:2)
  3 gnolls (D:4)
  13 adders
  6 ufetubi (D:6)
  A worm (D:2)
  4 dart slugs
  39 orcs
  6 endoplasms
  2 giant cockroaches (D:3)
  13 hobgoblins
  6 jackals
  8 quokkas
  5 ball pythons
  4 bats
  4 frilled lizards (D:1)
  16 goblins
  9 kobolds
  8 rats
192 creatures vanquished.

Notes
Turn   | Place    | Note
-------+----------+-------------------------------------------
     0 | D:1      | bmb222 the Armataur Shapeshifter began the quest for the
                  | Orb.
     0 | D:1      | Reached XP level 1. HP: 14/14 MP: 1/1
   262 | D:1      | Reached XP level 2. HP: 19/20 MP: 2/2
   660 | D:1      | Reached skill level 1 in Stealth
  1025 | D:2      | Found a faded altar of an unknown god.
  1042 | D:2      | Reached XP level 3. HP: 22/25 MP: 3/3
  1141 | D:2      | Noticed Natasha
  1146 | D:2      | Killed Natasha
  1208 | D:2      | Reached XP level 4. HP: 28/31 MP: 4/4
  1258 | D:2      | Noticed Jessica
  1258 | D:2      | Noticed Natasha
  1264 | D:2      | Killed Jessica
  1271 | D:2      | Killed Natasha
  1272 | D:2      | Reached skill level 1 in Fighting
  1410 | D:2      | Noticed Robin
  1424 | D:2      | Reached XP level 5. HP: 20/37 MP: 5/5
  1431 | D:2      | Killed Robin
  1608 | D:2      | Noticed Natasha
  1628 | D:2      | Killed Natasha
  2856 | D:3      | Noticed Ijyb
  2876 | D:3      | Killed Ijyb
  2877 | D:3      | Reached skill level 1 in Armour
  3088 | D:4      | Reached XP level 6. HP: 43/43 MP: 6/6
  3940 | D:5      | Entered Level 5 of the Dungeon
  3942 | D:5      | Noticed an ice beast
  4021 | D:5      | Noticed an ice beast
  4279 | D:4      | Reached skill level 5 in Unarmed Combat
  4287 | D:4      | Killed an ice beast
  4288 | D:4      | Gained mutation: You regenerate magic and health when
                  | rolling toward enemies. (Rampage Regen) [Armataur growth]
  4288 | D:4      | Reached XP level 7. HP: 47/48 MP: 7/7
  4485 | D:5      | Noticed Cadnt's ghost (novice DsFi)
  4503 | D:5      | Found a runed translucent door.
  4539 | D:5      | Reached skill level 5 in Armour
  4541 | D:5      | Reached XP level 8. HP: 16/54 MP: 8/8
  5098 | D:6      | Reached skill level 5 in Shapeshifting
  5337 | D:6      | Found a white marble altar of Elyvilon.
  5342 | D:6      | Found a sacrificial altar of Ru.
  6008 | D:7      | Found a staircase to the Ecumenical Temple.
  6032 | D:7      | Reached XP level 9. HP: 29/62 MP: 9/9
  6079 | D:7      | Found a transporter.
  6082 | D:7      | Found a bloodstained altar of Trog.
  6082 | D:7      | Noticed Moreman's ghost (novice TrSh)
  6082 | D:7      | Noticed a moth of wrath
  6087 | D:7      | Found a transporter.
  6089 | D:7      | Noticed a two-headed ogre
  6182 | D:7      | Found a flagged portal.
  6202 | Bailey   | Entered a bailey
  6500 | Bailey   | Noticed an orc knight
  6526 | Bailey   | Slain by an orc warrior

Illustrated notes

Levels and vault maps discovered:
D:1:      zelgadis_glass_arrival_small, layout_loops_corners
D:2:      layout_basic, ebering_ecumenical_altar_rust, uniq_jessica,
          uniq_natasha, uniq_robin
D:3:      layout_basic, corexii_item_surrounded_by_moat, minmay_pentangle,
          uniq_ijyb
D:4:      layout_loops_cross, nicolae_goblin_pals
D:5:      cheibrodos_fzero, layout_rooms, hellmonk_ghost_happy_afterlife
D:6:      layout_loops_ring, nicolae_overflow_hidden_temple, st_stairs_1
D:7:      layout_basic, temple_hall, gammafunk_ghost_wrathful_warriors,
          enter_bailey_3, serial_park_tiny_1, guppyfry_shop_venom,
          uniq_prince_ribbit1
Bailey:   bailey_polearm_5, bailey

Skill      XL: |  1  2  3  4  5  6  7  8  9 |
---------------+----------------------------+-----
Shapeshifting  | 3 4 5 |  5.7
Unarmed Combat | 3 4 5 7 |  7.5
Stealth        | 1 2 |  2.2
Fighting       | 1 2 3 |  3.2
Armour         | 1 3 5 7 |  7.9
Dodging        | |  1.9
Evocations     | |  0.2

Action                     |  1- 3 |  4- 6 |  7- 9 || total
---------------------------+-------+-------+-------++-------
  Melee: Unarmed           |    67 |   231 |   303 ||   601
         Tailslap          |     9 |    24 |    44 ||    77
         Punch             |       |     5 |     9 ||    14
  Evoke: Wand              |       |     1 |     4 ||     5
    Use: Potion            |       |       |     5 ||     5
         Scroll            |       |       |    10 ||    10
   Stab: Sleeping          |     2 |     2 |       ||     4
         Distracted        |       |     1 |       ||     1
 Armour: Animal skin       |    26 |    35 |       ||    61
         Scale mail        |       |   113 |   203 ||   316
         Skin              |       |     4 |       ||     4
  Dodge: Dodged            |    23 |   133 |   204 ||   360

Table legend: (Time is in decaauts)
 A = Elapsed time spent in this place.
 B = Non-inter-level travel time spent in this place.
 C = Inter-level travel time spent in this place.
 D = Time resting spent in this place.
 E = Time spent auto-exploring this place.
 F = Levels seen in this place.
 G = Mean time per level.
                   A        B        C        D        E       F      G
               +--------+--------+--------+--------+--------+-----+--------+
         Total |   6473 |   6204 |    269 |    616 |   4299 |   8 |  809.1 |
       Dungeon |   6159 |   5890 |    269 |    450 |   4292 |   7 |  879.9 |
        Bailey |    313 |    313 |      0 |    166 |      7 |   1 |  313.0 |
               +--------+--------+--------+--------+--------+-----+--------+

Top non-repeatable levels by time:
     D:2: 1332 daAuts
     D:4: 1201 daAuts
     D:1: 1000 daAuts
     D:6: 916 daAuts
     D:3: 724 daAuts
     D:5: 629 daAuts
     D:7: 355 daAuts
  Bailey: 313 daAuts
